 Dungeon Crawl Stone Soup version 0.31-a0-7-g51783674b7 (webtiles) character file.

Game seed: 18344715805406740965

30 Pimp the Cruncher (level 3, -2/25 HPs)
             Began as a Gnoll Wanderer on May 5, 2023.
             Constricted to death by Terence (6 damage)
             ... on level 2 of the Dungeon.
             The game lasted 00:01:46 (1190 turns).

Pimp the Cruncher (Gnoll Wanderer)                  Turns: 1190, Time: 00:01:46

Health: -2/25      AC:  7    Str: 12    XL:     3   Next: 20%
Magic:  5/9        EV:  7    Int: 10    God:
Gold:   101        SH:  0    Dex: 13    Spells: 11/12 levels left

rFire   . . .        a - +2 quarterstaff
rCold   . . .        (shield currently unavailable)
rNeg    . . .        b - +0 ring mail
rPois   .            f - +0 helmet
rElec   .            (no cloak)
rCorr   .            (no gloves)
SInv    .            (no boots)
Will    .....        (no amulet)
Stlth   +            (no ring)
HPRegen 0.24/turn    (no ring)
MPRegen 0.11/turn

%: no passive effects
@: grasped by roots, very slightly contaminated, constricted
A: fangs 1, strong nose, distributed training
a: no special abilities


You were on level 2 of the Dungeon.
You visited 1 branch of the dungeon, and saw 2 of its levels.

You collected 101 gold pieces.

Inventory:

Hand Weapons
 a - a +2 quarterstaff (weapon)
Armour
 b - a +0 ring mail (worn)
 f - a +0 helmet (worn)
Scrolls
 e - a scroll of brand weapon {unknown}
 h - a scroll of poison {unknown}
 k - a scroll of teleportation {unknown}
 l - a scroll of silence {unknown}
Potions
 c - a potion of curing
 d - a potion of lignification {unknown}
 g - a potion of cancellation {unknown}
 i - a potion of flight {unknown}
 j - 2 potions of heal wounds {unknown}


   Skills:
 + Level 0.7 Fighting
 + Level 0.7 Short Blades
 + Level 0.7 Long Blades
 + Level 0.7 Axes
 + Level 0.7 Maces & Flails
 + Level 0.7 Polearms
 + Level 8.5 Staves
 + Level 0.7 Ranged Weapons
 + Level 0.7 Throwing
 + Level 4.5 Armour
 + Level 0.7 Dodging
 + Level 0.7 Stealth
 + Level 0.7 Shields
 + Level 0.7 Unarmed Combat
 + Level 5.0 Spellcasting
 + Level 0.5 Conjurations
 + Level 0.5 Hexes
 + Level 0.5 Summonings
 + Level 0.5 Necromancy
 + Level 0.5 Translocations
 + Level 0.5 Transmutations
 + Level 0.5 Fire Magic
 + Level 0.5 Ice Magic
 + Level 3.7 Air Magic
 + Level 0.5 Earth Magic
 + Level 0.5 Poison Magic
 + Level 0.9 Invocations
 + Level 0.7 Evocations


You had 11 spell levels left.
You knew the following spells:

 Your Spells              Type           Power      Damage    Failure   Level
a - Shock                 Conj/Air       24%        1d4       21%         1

Your spell library contained the following spells:

 Spells                   Type           Power      Damage    Failure   Level
 Swiftness                Air            10%        N/A       30%         3


Dungeon Overview and Level Annotations

Branches:
Dungeon (2/15)

Altars:

Annotations:
D:2 Terence


Innate Abilities, Weirdness & Mutations

You have very sharp teeth.
Your uncanny sense of smell can sniff out nearby items.
Your experience applies equally to all skills.


Message History

The grasping roots grab you! The grasping roots constrict you!
The giant cockroach bites you.
You escape the roots grasp.
The zap misses the giant cockroach.
The zap hits Terence but does no damage.
The giant cockroach bites you but does no damage.
You miscast Shock.
You are very lightly contaminated with residual magic.
Nothing appears to happen.
Terence zaps a wand.
The roots erupt in riotous growth!
The giant cockroach is unaffected.
The grasping roots grab you! The grasping roots constrict you.
The giant cockroach closely misses you.
The zap hits the giant cockroach.
The giant cockroach is almost dead.
The zap hits Terence.
Terence is lightly wounded.
The giant cockroach barely misses you. The grasping roots constrict you.
The grasping roots release their grip on you.
You are too injured to fight recklessly!
You are too injured to fight recklessly!
Unknown command.
You are too injured to fight recklessly!
You hit the giant cockroach.
You kill the giant cockroach!
Terence zaps a wand.
The roots erupt in riotous growth!
The grasping roots grab you! The grasping roots constrict you.
Unknown command.
You escape the roots grasp.
Terence barely misses you.
You see here a giant cockroach corpse.
You hit Terence.
Terence is lightly wounded.
Terence hits you with a +0 flail.
* * * LOW HITPOINT WARNING * * *
You hit Terence.
Terence is moderately wounded.
Terence zaps a wand.
The roots erupt in riotous growth!
The grasping roots grab you!
Terence is unaffected.
The grasping roots constrict you.
You die...

#.# ###......#####........
#.# #.....##...#....#####.
#.###.....##.#.#..........
#............#...##.#####.
#..##.....######## .#
#..##.....##### .#
#..#..........# .#
#..#......###.# .#
#..#.#...## #@# .#
####..#.##.## #@#
........##.# #........#
##....###.. ..........#
#.##.# #[# ###........#
#.##.###. ##.#.....#
#.#...##.# #.###.###
#.)#...#.# #.. .#
#.#.#..#.# ##. #


You could see Terence.

Vanquished Creatures
  A dart slug (D:2)
  A bat (D:2)
  6 endoplasms
  2 giant cockroaches
  A goblin (D:1)
  2 hobgoblins (D:1)
  2 kobolds
  6 ball pythons (D:1)
  4 rats (D:1)
25 creatures vanquished.

Notes
Turn   | Place    | Note
-------+----------+-------------------------------------------
     0 | D:1      | Pimp the Gnoll Wanderer began the quest for the Orb.
     0 | D:1      | Pimp set off with the following items: a +2 quarterstaff, a
                  | +0 ring mail, a potion of curing; and the following spell
                  | memorised: Shock; and the following spells available to
                  | memorise: Swiftness.
     0 | D:1      | Reached XP level 1. HP: 13/13 MP: 6/6
   243 | D:1      | Reached XP level 2. HP: 18/19 MP: 2/7
  1090 | D:2      | Reached skill level 5 in Spellcasting
  1090 | D:2      | Reached XP level 3. HP: 25/25 MP: 7/9
  1179 | D:2      | Noticed Terence
  1190 | D:2      | Constricted to death by Terence

Illustrated notes

Levels and vault maps discovered:
D:1:      lemuel_arrival_hallway, layout_basic, minmay_pentomino_s2
D:2:      layout_loops_ring, basic_altar, kennysheep_generic_room_15,
          uniq_terence, uniq_natasha

Skill      XL: |  1  2 |
---------------+-------+-----
Spellcasting   | 5 |  5.0
Fighting       | |  0.7
Short Blades   | |  0.7
Long Blades    | |  0.7
Axes           | |  0.7
Maces & Flails | |  0.7
Polearms       | |  0.7
Staves         | |  8.5
Ranged Weapons | |  0.7
Throwing       | |  0.7
Armour         | |  4.5
Dodging        | |  0.7
Stealth        | |  0.7
Shields        | |  0.7
Unarmed Combat | |  0.7
Conjurations   | |  0.5
Hexes          | |  0.5
Summonings     | |  0.5
Necromancy     | |  0.5
Translocations | |  0.5
Transmutations | |  0.5
Fire Magic     | |  0.5
Ice Magic      | |  0.5
Air Magic      | |  3.7
Earth Magic    | |  0.5
Poison Magic   | |  0.5
Invocations    | |  0.9
Evocations     | |  0.7

Action                     || total
---------------------------++-------
  Melee: Quarterstaff      ||    45
         Bite              ||     3
   Cast: Shock             ||    24
 Armour: Ring mail         ||    32
  Dodge: Dodged            ||    32

Table legend: (Time is in decaauts)
 A = Elapsed time spent in this place.
 B = Non-inter-level travel time spent in this place.
 C = Inter-level travel time spent in this place.
 D = Time resting spent in this place.
 E = Time spent auto-exploring this place.
 F = Levels seen in this place.
 G = Mean time per level.
                   A        B        C        D        E       F      G
               +--------+--------+--------+--------+--------+-----+--------+
         Total |   1184 |   1147 |     37 |      0 |    962 |   2 |  592.0 |
       Dungeon |   1184 |   1147 |     37 |      0 |    962 |   2 |  592.0 |
               +--------+--------+--------+--------+--------+-----+--------+

Top non-repeatable levels by time:
     D:1: 1071 daAuts
     D:2: 113 daAuts
